 Dungeon Crawl Stone Soup version 0.28.0-53-g5a82cb258f (webtiles) character file.

Game seed: 154124041672821395

129 Stomo the Chiller (level 5, -1/26 HPs)
             Began as a Vine Stalker Ice Elementalist on June 30, 2022.
             Slain by an orc priest
             ... wielding a +0 short sword
              (4 damage)
             ... on level 3 of the Dungeon.
             The game lasted 00:05:53 (2619 turns).

Stomo the Chiller (Vine Stalker Ice Elementalist)   Turns: 2619, Time: 00:05:54

Health: -1/26      AC:  2    Str: 19    XL:     5   Next: 12%
Magic:  0/9        EV: 13    Int: 15    God:
Gold:   81         SH:  0    Dex: 15    Spells: 4/8 levels left

rFire   . . .      SeeInvis .   f - +0 whip
rCold   . . .      Faith    .   (no shield)
rNeg    . . .      Spirit   +   a - +0 robe
rPois   +          Reflect  .   (no helmet)
rElec   .          Harm     .   (no cloak)
rCorr   .          Rampage  .   (no gloves)
Will    +....                   (no boots)
Stlth   ++........              (no amulet)
HPRegen 0.88/turn               l - ring of Miracles {Will+ Str+7}
MPRegen 0.11/turn               i - ring of poison resistance

@: no status effects
A: fangs 2, regeneration 1, magic shield, antimagic bite, no potion heal 2
a: no special abilities


You were on level 3 of the Dungeon.
You visited 1 branch of the dungeon, and saw 3 of its levels.

You collected 81 gold pieces.

Inventory:

Hand Weapons
 c - a +0 short sword
 e - a +0 club
 f - a +0 whip (weapon)
 m - a +0 flail
Armour
 a - a +0 robe (worn)
Jewellery
 b - a ring of protection from cold
 i - a ring of poison resistance (right hand)
 l - the ring of Miracles (left hand) {Will+ Str+7}
   (You found it on level 2 of the Dungeon)

   [ring of willpower]

   Str:       It affects your strength (+7).
   Will:      It increases your willpower.
 o - a ring of poison resistance
Wands
 n - a wand of acid (9)
Scrolls
 d - 2 scrolls of identify {unknown}
 h - a scroll of vulnerability {unknown}
Potions
 g - a potion of mutation {unknown}
 j - a potion of flight {unknown}
 k - a potion of curing {unknown}


   Skills:
 + Level 2.2 Fighting
 + Level 2.1 Maces & Flails
 + Level 2.8 Dodging
 - Level 2.4 Stealth
 - Level 2.1 Spellcasting
 - Level 4.0 Ice Magic


You had 4 spell levels left.
You knew the following spells:

 Your Spells              Type           Power      Damage    Failure   Level
a - Freeze                Ice            52%        1d7       4%          1
b - Frozen Ramparts       Ice            26%        1d4       13%         3

Your spell library contained the following spells:

 Spells                   Type           Power      Damage    Failure   Level
 Ozocubu's Armour         Ice            13%        N/A       13%         3
 Hailstorm                Conj/Ice       7%         3d4       67%         4


Dungeon Overview and Level Annotations

Branches:
Dungeon (3/15)

Altars:

Shops:
D:1 [


Innate Abilities, Weirdness & Mutations

You have extremely sharp teeth.
Your natural rate of healing is unusually fast.
When hurt, damage is shared between your health and your magic reserves.
Your bite disrupts and absorbs the magic of your enemies.
Potions cannot restore your health.


Message History

Your frozen ramparts will break if you move.
Continue?
The frozen ramparts melt away as you move.
Things that are here:
a +0 hand axe; 6 gold pieces; an orc corpse
Casting: Frozen Ramparts (quite dangerous; 13% risk of failure)
Confirm with . or Enter, or press ? or * to list all spells.
The spell is quite dangerous to miscast (13% risk of failure)!
Continue anyway?
Casting: Frozen Ramparts (quite dangerous; 13% risk of failure)
Press: ? - help, Dir - look around, f - activate The walls around you are covered in ice.
The wall freezes the orc priest.
The orc priest mumbles some strange prayers to Beogh against you.
Beogh smites you!
Ouch! That really hurt!
An orc priest is nearby!
An orc priest is nearby!
Unknown command.
Your frozen ramparts will break if you move.
Continue?
The frozen ramparts melt away as you move.
The orc priest mumbles some strange prayers to Beogh against you.
You easily resist.
You hit the orc priest but do no damage.
The orc priest is lightly wounded.
The orc priest hits you with a +0 short sword.
You hit the orc priest.
You bite the orc priest, but do no damage.
The orc priest is moderately wounded.
The orc priest hits you with a +0 short sword.
* * * LOW HITPOINT WARNING * * *
Unknown command.
You completely miss the orc priest.
The orc priest is moderately wounded.
The orc priest mumbles some strange prayers to Beogh against you.
Pain shoots through your body!
* * * LOW HITPOINT WARNING * * *
Unknown command.
You closely miss the orc priest.
The orc priest is moderately wounded.
The orc priest hits you with a +0 short sword.
You die...

### .... #########
.....####.......###########
...............)...........
................###########
.....####o@)....# ...
####.#### . #.# #.# #.# #.#
#.# #.# #.#


You could see an orc priest.

Vanquished Creatures
  An orc priest (D:3)
  4 gnolls
  A worm (D:2)
  A dart slug (D:1)
  An orc (D:3)
  6 ball pythons
  5 endoplasms
  2 giant cockroaches
  7 goblins
  2 hobgoblins
  7 jackals (D:1)
  A quokka (D:1)
  2 bats (D:1)
  4 frilled lizards
  4 kobolds
  5 rats
53 creatures vanquished.

Vanquished Creatures (others)
  A plant (D:1)
1 creature vanquished.

Grand Total: 54 creatures vanquished

Notes
Turn   | Place    | Note
-------+----------+-------------------------------------------
     0 | D:1      | Stomo the Vine Stalker Ice Elementalist began the quest for
                  | the Orb.
     0 | D:1      | Reached XP level 1. HP: 9/9 MP: 4/4
   256 | D:1      | Reached XP level 2. HP: 14/14 MP: 3/6
   417 | D:1      | Reached skill level 1 in Fighting
   556 | D:1      | Reached skill level 1 in Maces & Flails
   556 | D:1      | Reached XP level 3. HP: 5/18 MP: 0/7
   626 | D:1      | Learned a level 3 spell: Frozen Ramparts
  1099 | D:1      | Found Umpeebb's Armour Shop.
  1593 | D:2      | Found a faded altar of an unknown god.
  2130 | D:2      | Gained mutation: Your natural rate of healing is unusually
                  | fast. [Vine Stalker growth]
  2130 | D:2      | Reached XP level 4. HP: 21/21 MP: 4/8
  2382 | D:2      | Identified the ring of Miracles {Will+ Str+7}
  2613 | D:3      | Reached XP level 5. HP: 25/26 MP: 4/9
  2619 | D:3      | Slain by an orc priest

Illustrated notes

Levels and vault maps discovered:
D:1:      ncdulo_halloftheorcs, layout_loops_ring, serial_shops,
          nicolae_square_shop, serial_bayou_pond_e,
          chequers_serial_rivers_micro_a
D:2:      layout_basic, ebering_ecumenical_altar_hall
D:3:      layout_rooms

Skill      XL: |  1  2  3  4 |
---------------+-------------+-----
Fighting       | 1 2 |  2.2
Dodging        | 2 |  2.8
Maces & Flails | 1 2 |  2.1
Stealth        | |  2.4
Spellcasting   | |  2.1
Ice Magic      | |  4.0

Action                   |  1- 3 |  4- 6 || total
-------------------------+-------+-------++-------
Melee: Short sword       |     3 |       ||     3
       Club              |     6 |       ||     6
       Bite              |    19 |    12 ||    31
       Whip              |    40 |    37 ||    77
       Punch             |     1 |     2 ||     3
 Cast: Freeze            |    21 |       ||    21
       Frozen Ramparts   |    13 |     6 ||    19
Armor: Robe              |     7 |     5 ||    12
Dodge: Dodged            |    38 |    21 ||    59
